 Dungeon Crawl Stone Soup version 0.24.1-14-gf8d2b509d9 (console) character file.

Game seed: 14971571093319849161, levelgen mode: deterministic

371 Kagalorn the Sneak (level 6, -6/36 HPs)
             Began as an Octopode Earth Elementalist on July 23, 2020.
             Mangled by an ice beast (13 damage)
             ... on level 3 of the Dungeon.
             The game lasted 00:06:01 (1858 turns).

Kagalorn the Sneak (Octopode Earth Elementalist)    Turns: 1858, Time: 00:06:03

Health: -6/36      AC:  1    Str:  7    XL:     6   Next: 70%
Magic:  2/10       EV: 14    Int: 19    God:
Gold:   173        SH:  0    Dex: 13    Spells: 8/11 levels left

rFire    . . .     SeeInvis .   a - +0 short sword
rCold    . . .     Gourm    .   (no shield)
rNeg     . . .     Faith    .   (helmet restricted)
rPois    .         Spirit   .   (no amulet)
rElec    .         Reflect  .   (no ring)
rCorr    .         Harm     .   (no ring)
MR       .....                  (no ring)
Stlth    ++++......             (no ring)
HPRegen  0.12/turn              (no ring)
MPRegen  0.12/turn              (no ring)
                                (no ring)
                                (no ring)

@: no status effects
A: almost no armour, stealthy swim, amphibious, 8 rings, constrict 8, camouflage
1, gelatinous body 1
a: no special abilities


You were on level 3 of the Dungeon.
You were not hungry.

You visited 1 branch of the dungeon, and saw 3 of its levels.

You collected 173 gold pieces.

Inventory:

Hand Weapons
 a - a +0 short sword (weapon)
Missiles
 b - 54 stones
 g - 3 poisoned darts (quivered)
 h - 20 sling bullets
 j - 19 bolts
 n - 2 throwing nets
 r - 20 arrows
Potions
 d - a potion of curing {unknown}
 i - a potion of magic {unknown}
 k - a potion of brilliance {unknown}
 q - a potion of heal wounds
Comestibles
 c - a ration


   Skills:
 + Level 3.2 Dodging
 + Level 4.8 Stealth
 + Level 3.1 Spellcasting
 * Level 2.7 Transmutations
 * Level 4.8 Earth Magic


You had 8 spell levels left.
You knew the following spells:

 Your Spells              Type           Power        Failure   Level  Hunger
a - Sandblast             Erth           ###...       1%          1    None
g - Passwall              Tmut/Erth      ###.....     4%          2    ##.....

Your spell library contained the following spells:

 Spells                   Type           Power        Failure   Level  Hunger
 Stone Arrow              Conj/Erth      ##....       17%         3    ###....
 Petrify                  Tmut/Erth      ###.....     32%         4    ####...
 Lee's Rapid Deconstruct  Erth           ###.......   50%         5    ######.


Dungeon Overview and Level Annotations

Branches:
Dungeon (3/15)

Altars:

Annotations:
D:1 Terence


Innate Abilities, Weirdness & Mutations

You cannot wear most types of armour.
You are very stealthy in the water. (Stealth+)
You are amphibious.
You can wear up to eight rings at the same time.
You can use your tentacles to constrict eight enemies at once.
Your skin changes colour to match your surroundings (Stealth+).
Your rubbery body absorbs attacks. (AC +1, EV +1)


Message History

Confirm with . or Enter, or press ? or * to list all spells.
Aiming: Sandblast (safe; 1% risk of failure)
Press: ? - help, Shift-Dir - straight line, f/p - ice beast
Aim: an ice beast (moderately wounded)
The blast of sand hits the ice beast.
The ice beast is heavily wounded.
b - 55 stones The ice beast barely misses you.
Casting: Sandblast (safe; 1% risk of failure)
Confirm with . or Enter, or press ? or * to list all spells.
Aiming: Sandblast (safe; 1% risk of failure)
Press: ? - help, Shift-Dir - straight line, f/p - ice beast
Aim: an ice beast (heavily wounded)
The blast of sand hits the ice beast but does no damage.
The ice beast is heavily wounded.
b - 54 stones The ice beast hits you.
* * * LOW HITPOINT WARNING * * *
The ice beast freezes you!
You die...

#. .. .# ##§#.# #.###.###.#
###.# #.........# #.#
.........# #+# #.# #.#...#.#
#.# #.# #)......# #.# #.#
#.......# ##.###########.#
#.......######..............#
#.#...#.....Y@....###########
#.#..##..#####....#
#..÷..)....###..#.#
###.............#.#
######....8.....#
#...8.8..### #..8._.8.#
##..8.8..# #...8...#


You could see an ice beast.

Vanquished Creatures
  Grinder (D:3)
  An iguana (D:3)
  Natasha (thrice) (D:2)
  3 adders (D:2)
  3 dart slugs
  A leopard gecko (D:2)
  A ball python (D:1)
  5 bats
  A giant cockroach (D:2)
  7 hobgoblins
  A frilled lizard (D:2)
  8 goblins
  7 kobolds
  7 rats (D:1)
49 creatures vanquished.

Notes
Turn   | Place    | Note
-------+----------+-------------------------------------------
     0 | D:1      | Kagalorn the Octopode Earth Elementalist began the quest
                  | for the Orb.
     0 | D:1      | Reached XP level 1. HP: 11/11 MP: 3/3
   212 | D:1      | Reached XP level 2. HP: 9/17 MP: 3/5
   598 | D:1      | Reached XP level 3. HP: 17/21 MP: 6/6
   868 | D:2      | Noticed Natasha
   880 | D:2      | Killed Natasha
   913 | D:2      | Noticed Natasha
   917 | D:2      | Killed Natasha
   917 | D:2      | Reached XP level 4. HP: 21/27 MP: 2/7
  1034 | D:2      | Learned a level 2 spell: Passwall
  1166 | D:2      | Noticed Terence
  1170 | D:2      | Noticed Natasha
  1305 | D:2      | Killed Natasha
  1305 | D:2      | Reached XP level 5. HP: 25/31 MP: 5/9
  1625 | D:3      | Noticed Grinder
  1626 | D:3      | Paralysed by Grinder for 3 turns
  1636 | D:3      | HP: 1/31 [Grinder (6)]
  1637 | D:3      | Killed Grinder
  1637 | D:3      | Reached XP level 6. HP: 1/36 MP: 0/10
  1737 | D:3      | Found a faded altar of an unknown god.
  1759 | D:3      | Noticed an orc warrior
  1839 | D:3      | Noticed an ice beast
  1858 | D:3      | Mangled by an ice beast

Levels and vault maps discovered:
D:1:      minmay_arrival_open_corners, layout_loops_corners
D:2:      layout_loops_ring, grunt_decor_arrowhead, uniq_natasha, uniq_terence
D:3:      layout_loops_corners, portal_sewer_entry_d,
          chequers_ecumenical_altar_simple_redux, first_ration, uniq_grinder

Skill      XL: |  1  2  3  4  5 |
---------------+----------------+-----
Stealth        | 3 4 |  4.8
Earth Magic    | 4 |  4.8
Dodging        | 3 |  3.2
Spellcasting   | 3 |  3.1
Transmutations | 2 |  2.7

Action                   |  1- 3 |  4- 6 || total
-------------------------+-------+-------++-------
Melee: Short sword       |    38 |    30 ||    68
       Constrict         |     9 |     6 ||    15
       Tentacles         |     4 |     5 ||     9
 Cast: Sandblast         |    12 |    30 ||    42
  Use: Scroll            |       |     6 ||     6
 Stab: Sleeping          |     9 |     9 ||    18
  Eat: Chunk             |       |     3 ||     3
Armor: Skin              |     2 |     6 ||     8
Dodge: Dodged            |    18 |    24 ||    42
